Cogmind - Beta 10.2 @@@ ROGUE MODE // 2021.02.10 @ 00:12:26 Player: Intraloper Result: Destroyed by as-97640 with Assembled Heavy Rifle Performance ------------- Evolutions (0) 0 Regions Visited (2) 400 Robots Destroyed (22) 110 Value Destroyed (530) 530 Prototype IDs (2) 40 Alien Tech Used (0) 0 Bonus (0) 0 TOTAL SCORE: 1080 Bonus ------- None Cogmind --------- Core Integrity 0/250 Matter 300/300 Energy 95/100 System Corruption 0% Temperature Cool (0) Movement Walking (120) Location -10/Mines Parts ------- > --- POWER (1) -------- (None) > --- PROPULSION (2) --- Aluminum Leg > --- UTILITY (2) ------ Visual Processing Unit Signal Interpreter > --- WEAPON (2) ------- Hammer > --- INVENTORY (4) ---- Small Storage Unit Medium Battery (200) Peak State ------------ > --- POWER ------------ Light Ion Engine > --- PROPULSION ------- Aluminum Leg Wheel > --- UTILITY ---------- Visual Processing Unit Signal Interpreter > --- WEAPON ----------- Particle Gun Beam Cannon > --- INVENTORY -------- Small Storage Unit Medium Battery Hammer [Rating: 9] Favorites ----------- Power Light Ion Engine Engine Light Ion Engine Propulsion Wheel Leg Aluminum Leg Wheel Wheel Utility Signal Interpreter Device Heat Sink Storage Small Storage Unit Processor Signal Interpreter Weapon Assault Rifle Energy Gun Medium Laser Energy Cannon Beam Cannon Ballistic Gun Assault Rifle Launcher Grenade Launcher Impact Weapon Hammer Build | -11 -10 -10 ------- Run | Scr Mat Min Slots Evolved . | . . . Power . | . . . Propulsion . | . . . Utility . | . . . Weapon . | . . . Parts Attached 21 | 5 16 . Power 2 | 1 1 . Engine 2 | 1 1 . Core . | . . . Reactor . | . . . Propulsion 5 | 2 3 . Treads . | . . . Leg 3 | . 3 . Wheel 2 | 2 . . Hover . | . . . Flight . | . . . Utility 4 | . 4 . Device 1 | . 1 . Storage 1 | . 1 . Processor 2 | . 2 . Hackware . | . . . Protection . | . . . Artifact . | . . . Weapon 10 | 2 8 . Energy Gun 2 | 1 1 . Energy Cannon 1 | . 1 . Ballistic Gun 4 | 1 3 . Ballistic Cannon . | . . . Launcher 1 | . 1 . Special Weapon . | . . . Impact Weapon 2 | . 2 . Slashing Weapon . | . . . Piercing Weapon . | . . . Special Melee Weapon . | . . . Unidentified Prototypes . | . . . Parts Lost 10 | . 10 . Power 2 | . 2 . Propulsion 4 | . 4 . Utility . | . . . Weapon 4 | . 4 . Highest Loss Streak 4 | . 4 . Average Slot Usage (%) 75 | . 77 57 Engine 6 | . 7 . Leg 7 | . 7 14 Wheel 14 | . 15 . Device 2 | . 2 . Processor 19 | . 18 28 Energy Gun 3 | . 4 . Energy Cannon 1 | . 1 . Ballistic Gun 8 | . 9 . Launcher 4 | . 5 . Impact Weapon 4 | . 3 14 Naked Turns . | . . . Heaviest Build 10 | 7 10 2 Greatest Support 20 | 20 20 10 Greatest Overweight (x) 1 | . 1 . Average Overweight (x) . | . . . Largest Inventory Capacity 6 | 4 6 4 Average Capacity 4 | 4 4 4 Most Carried 4 | 3 4 2 Average Carried 2 | 2 2 2 Final Capacity 4 | 4 4 4 Final Carried 3 | 3 2 2 Class Distribution -------------------- 80% | Mutant 19% | Scavenger-Mutant Dominant Class ---------------- Mutant | -10/Materials Mutant | -10/Mines Resources | -11 -10 -10 ----------- Run | Scr Mat Min Matter Collected 554 | 230 324 . Remotely . | . . . Salvage Created 536 | 30 506 . Parts 39 | 1 38 . Haulers Intercepted . | . . . Recyclers Shooed . | . . . Parts Field Recycled . | . . . Retrieved Matter . | . . . Parts Self-Destructed . | . . . Prevented . | . . . Kills | -11 -10 -10 ------- Run | Scr Mat Min Combat Hostiles Destroyed 15 | 1 14 . Guns 6 | 1 5 . Cannons 1 | . 1 . AOE 7 | . 7 . Classes Destroyed 6 | 1 5 . Worker 3 | . 3 . Builder 1 | . 1 . Recycler 1 | . 1 . Watcher 2 | . 2 . Swarmer 3 | . 3 . Grunt 12 | 1 11 . Best Kill Streak 5 | 1 5 . Combat Bots Only 4 | 1 4 . Max Kills in Single Turn 2 | 1 2 . Gunslinging . | . . . Exploded 2 | . 2 . Melee . | . . . Uniques/NPCs Destroyed . | . . . Combat | -11 -10 -10 -------- Run | Scr Mat Min Damage Taken 893 | 55 822 16 Core 259 | 33 210 16 Absorbed by Shields . | . . . Core Remaining (%) 86 | 86 . . Volleys Fired 68 | 5 63 . Largest 2 | 2 2 . Hottest 125 | 70 125 . Shots Fired 90 | 10 80 . Gun 65 | 10 55 . Cannon 12 | . 12 . Launcher 13 | . 13 . Special . | . . . Kinetic 45 | 5 40 . Thermal 32 | 5 27 . Explosive 13 | . 13 . Electromagnetic . | . . . Robot Hit Streak 9 | 5 9 . Robot Miss Streak 3 | 1 3 . Penetration Max . | . . . Secondary Targets . | . . . Shots Hit Robots 59 | 8 50 1 Core Hits 34 | 2 32 . Critical Hits . | . . . Critical Kills . | . . . Critical Parts Destroyed . | . . . Melee Attacks 18 | . 3 15 Impact 18 | . 3 15 Slashing . | . . . Piercing . | . . . Sneak Attacks . | . . . Combat Hostiles . | . . . Follow-up Attacks . | . . . Damage Inflicted 1455 | 88 1355 12 Guns 507 | 88 419 . Cannons 142 | . 142 . Explosions 754 | . 754 . Melee 52 | . 40 12 Ramming . | . . . Kinetic 310 | 51 259 . Thermal 339 | 37 302 . Explosive 754 | . 754 . Electromagnetic . | . . . Impact 52 | . 40 12 Slashing . | . . . Piercing . | . . . Highest Corruption . | . . . Average Corruption . | . . . Corruption Purged . | . . . Overload Shots . | . . . Overflow Damage 107 | . 107 . Projectiles 6 | . 6 . Explosions 87 | . 87 . Melee 14 | . 14 . Knockbacks . | . . . Impact . | . . . Kinetic . | . . . Secondary . | . . . Self-Inflicted Damage 144 | . 144 . Shots 3 | . 3 . Rammed . | . . . Targets Rammed . | . . . Kicked . | . . . Crushed . | . . . Highest Temperature 387 | 75 387 . Average Temperature 161 | 38 195 . Received Heat Transfer 390 | 30 360 . Siege Activations . | . . . Robots Corrupted . | . . . Combat Hostiles . | . . . Parts Fried 2 | . 2 . Impact Corruptions 1 | . 1 . Robots Melted . | . . . Combat Hostiles . | . . . Parts Melted . | . . . Heat Transferred 851 | 111 740 . Parts Sabotaged . | . . . Parts Stolen . | . . . Parts Stripped . | . . . Power Chain Reactions . | . . . Missiles Intercepted . | . . . Alert | -11 -10 -10 ------- Run | Scr Mat Min Peak Influence 224 | 20 224 11 Initial 13 | . 13 11 Average 72 | 15 106 11 Maximum Alert Level 1 | . 1 . Low Security (%) 88 | 100 82 100 Level 1 11 | . 17 . Level 2 . | . . . Level 3 . | . . . Level 4 . | . . . Level 5 . | . . . High Security . | . . . Max Security . | . . . Squads Dispatched 4 | . 4 . Investigation 1 | . 1 . Extermination . | . . . Reinforcement 3 | . 3 . Assault . | . . . Garrison . | . . . Intercept . | . . . Construction Impeded . | . . . Haulers Reinforced . | . . . Stealth | -11 -10 -10 --------- Run | Scr Mat Min Distress Signals 2 | . 2 . Communications Jammed . | . . . Distress Signals . | . . . Times Spotted 23 | 1 21 1 Peak Tracking Total 5 | 1 5 1 Tactical Retreats . | . . . Traps | -11 -10 -10 ------- Run | Scr Mat Min Traps Triggered . | . . . Indirectly . | . . . Trap Hack Attempts . | . . . Triggered . | . . . Disarmed . | . . . Reprogrammed . | . . . Reused . | . . . Traps Extracted . | . . . Installed . | . . . Triggered . | . . . Machines | -11 -10 -10 ---------- Run | Scr Mat Min Machines Disabled 2 | . 2 . Max in Single Turn 2 | . 2 . Machines Sabotaged . | . . . Garrisons Compromised . | . . . Overloaded Fab Kills . | . . . Fab Network Shutdowns . | . . . Hacking | -11 -10 -10 --------- Run | Scr Mat Min Machines Accessed 4 | . 4 . Terminals 3 | . 3 . Fabricators . | . . . Repair Stations . | . . . Recycling Units 1 | . 1 . Scanalyzers . | . . . Garrison Access . | . . . Total Hacks 12 | . 12 . Successful 9 | . 9 . Failed 2 | . 2 . Catastrophic 1 | . 1 . Database Lockouts 1 | . 1 . Manual . | . . . Terminals 8 | . 8 . Fabricators . | . . . Repair Stations . | . . . Recycling Units 4 | . 4 . Scanalyzers . | . . . Garrison Access . | . . . Terminal Hacks 5 | . 5 . Record 2 | . 2 . Prototype ID Bank 1 | . 1 . Unreport Threat 1 | . 1 . Patrol Status 1 | . 1 . Fabricator Hacks . | . . . Repair Station Hacks . | . . . Recycling Unit Hacks 4 | . 4 . Process 1 | . 1 . Report Inventory 1 | . 1 . Retrieve Matter 1 | . 1 . Retrieve Components 1 | . 1 . Scanalyzer . | . . . Garrison Access Hacks . | . . . Unauthorized Hacks . | . . . Terminals . | . . . Fabricators . | . . . Repair Stations . | . . . Recycling Units . | . . . Scanalyzers . | . . . Garrison Access . | . . . Data Cores Recovered . | . . . Used . | . . . Hacking Detections 4 | . 4 . Full Trace Events 3 | . 3 . Feedback Events . | . . . Feedback Blocked . | . . . Robot Schematics Acquired . | . . . Robots Built . | . . . Matter . | . . . Time . | . . . Total Robot Build Rating . | . . . Part Schematics Acquired . | . . . Parts Built . | . . . Matter . | . . . Time . | . . . Total Part Build Rating . | . . . Parts Repaired . | . . . Time . | . . . Parts Recycled . | . . . Recycled Matter 39 | . 39 . Retrieved Matter 39 | . 39 . Retrieved Components . | . . . Parts Scanalyzed . | . . . Part Schematics Acquired . | . . . Parts Damaged . | . . . Bothacking | -11 -10 -10 ------------ Run | Scr Mat Min Used RIF Installer . | . . . Robots Hacked . | . . . Non-combat . | . . . Combat . | . . . Robot Hacks Applied . | . . . Relay Couplers Released . | . . . Robots Rewired . | . . . Allies Hacked . | . . . Hacks Repelled . | . . . Allies | -11 -10 -10 -------- Run | Scr Mat Min Total Allies . | . . . Largest Group . | . . . Highest-Rated Group . | . . . Highest-Rated Ally . | . . . Total Orders . | . . . Ally Attacks . | . . . Total Damage . | . . . Kills . | . . . Allies Corrupted . | . . . Allies Melted . | . . . Intel | -11 -10 -10 ------- Run | Scr Mat Min Robot Analysis Total . | . . . Derelict Logs Recovered . | . . . Drone Launches . | . . . Drone Recoveries . | . . . Exploration | -11 -10 -10 ------------- Run | Scr Mat Min Turns Passed 1081 | 338 680 63 Spaces Moved 747 | 194 530 23 Core 154 | 20 134 . Treads . | . . . Legs 230 | . 207 23 Wheels 363 | 174 189 . Hover . | . . . Flight . | . . . Fastest Speed 50 | 50 50 120 Average Speed 88 | 76 91 120 Slowest Speed 120 | 80 120 120 Overloaded Moves . | . . . Propulsion Burnouts . | . . . Robots Hopped . | . . . Cave-ins Triggered . | . . . Exploration Rate (%) 28 | 11 66 8 Regions Visited 2 Branch Regions 1 Pre-discovered Areas . | . . . Known Exits Taken 1 | . 1 . Unknown Exits Taken 1 | 1 . . Scrap Searched . | . . . Spaces Dug . | . . . Terrain Destroyed 47 | . 47 . Melee . | . . . Projectile . | . . . AOE 47 | . 47 . Terrain Rammed . | . . . Walls Destroyed . | . . . Machines Disabled . | . . . Actions | -11 -10 -10 --------- Run | Scr Mat Min Total 1055 | 372 645 38 Wait 169 | 161 8 . Move 745 | 193 529 23 Hop . | . . . Pick Up 24 | 8 16 . Fast Attach . | . . . Attach 17 | 5 12 . Detach 2 | . 2 . Swap 4 | . 4 . Drop 8 | . 8 . Fire 68 | 5 63 . Melee 18 | . 3 15 Ram . | . . . Kick . | . . . Crush . | . . . Escape Stasis . | . . . Rewire . | . . . Trap . | . . . Miscellaneous . | . . . Route ------- -11/Scrapyard -10/Materials (discovered 2 exits: [*Mat] / *Min) -10/Mines History --------- Turn | Location | Event 2 | -11/Scrapyard | Met Revision 17 65 | -11/Scrapyard | Discovered new exit (range 8) 339 | -11/Scrapyard | Entered Materials 340 | -10/Materials | Build established: Mutant 412 | -10/Materials | Central database locked down 461 | -10/Materials | Discovered new exit (range 14) 523 | -10/Materials | Lost 3 parts (1p1n1w) 559 | -10/Materials | Discovered new exit (range 16) 619 | -10/Materials | Core integrity fell below 50% 688 | -10/Materials | Identified exit to Mines 856 | -10/Materials | Core integrity fell below 20% 1016 | -10/Materials | Lost 4 parts (1p1n2w) 1019 | -10/Materials | Entered Mines 1043 | -10/Mines | Excavation squad dispatched 1043 | -10/Mines | A large section of the Mines collapsed 1082 | -10/Mines | Destroyed by as-97640 with Assembled Heavy Rifle Last Messages --------------- Acquired 43 matter. K-01 Serf collects debris. Beam Cannon destroyed. Lgt. Ion Engine destroyed. Destroyed Sml. Laser. G-34 Mercenary system corrupted by crushing effect. G-34 Mercenary system terminally corrupted. Ion Engine fried. Heat Sink fried. K-01 Serf collects debris. Acquired 21 matter. R-06 Scavenger collects Aluminum Leg. K-01 Serf collects debris. ALERT: Hostiles spotted, dispatching reinforcements to Terminal M005. LOCATION=MINES GOAL=ESCAPE ALERT: Suspicious cave-in, suspected derelict activity in mines. Dispatching escorted excavation squad. Press '.', 'keypad 5' or scroll the mouse wheel to wait a turn. [Achievement: First Step to Greatness] Map ----- +----------------------------------------------------+ | | | | | | | | | ?????????????????????????????????????????????????? | | ?????????????????????????????????????????????????? | | ??????????????????????????????###????????????????? | | ?????????????????????????????## ####????????????? | | ?????????????????????????????# ##???????????? | | ?????????????????????????????# ##??????????? | | ??????????????????????????????# ##?????????? | | ?????????????????????????????#### #?????????? | | ????????????????????????????? ## ! ! #?????????? | | ?????????????????????????????# ## ! #?????????? | | ?????????????????????????????# ## ! ! #?????????? | | ???????????????????????????### ## !! ### | | ???????????????????????????# | | ???????????????????????????# ######### ### | | ???????????????????????????# #???????? #???? | | ????????????????????????#### ######### #??????#??? | | ????????????????????????# #?????????? | | ????????????????????????##############???????????? | | ????????????????????????# #??????????????????????? | | ????????????????????????# #??????????????????????? | | ????????????????????????# #??????????????????????? | | ????????????????????????#@#??????????????????????? | | ????????????????????????#a#??????????????????????? | | ????????????????????????##;??????????????????????? | | ???????????????????????? ;??????????????????????? | | ???????????????????????? ##?????????????????????? | | ???????????????????????? # ?????????????????????? | | ????????????????????????#? ?????????????????????? | | ?????????????????????????? ?????????????????????? | | ?????????????????????????? #????????????????????? | | ??????????????????????????###????????????????????? | | ?????????????????????????????????????????????????? | | ?????????????????????????????????????????????????? | | ?????????????????????????????????????????????????? | | ?????????????????????????????????????????????????? | | ?????????????????????????????????????????????????? | | ?????????????????????????????????????????????????? | | ?????????????????????????????????????????????????? | | ?????????????????????????????????????????????????? | | ?????????????????????????????????????????????????? | | ?????????????????????????????????????????????????? | | ?????????????????????????????????????????????????? | | ?????????????????????????????????????????????????? | | ?????????????????????????????????????????????????? | | ?????????????????????????????????????????????????? | | ?????????????????????????????????????????????????? | +----------------------------------------------------+ Best States ------------- Heat Dissipation 35 Energy Generation 10 Energy Capacity 125 Matter Stores 300 Matter Capacity 300 Sight Range 18 Terrain Scan Density 10 Evasion (%) 50 Item Schematics ----------------- None Robot Schematics ------------------ None Fabricated ------------ Nothing Alien Tech Used ----------------- None Achievements -------------- Everything Is Under Control First Step to Greatness One Hack Too Far Uninvited Guest Challenges ------------ None Game ------ Seed SurgeTitaniumInverter Manual? 0 Play Time 00:33:20 Cumulative 1.0 hours Start 2021.02.09 @ 23:14:57 End 2021.02.10 @ 00:12:26 Sessions 5 Manual Loads 0 Difficulty Rogue Special Mode None Game No. 1 Rogue 1 Adventurer 0 Explorer 0 Win Type - Total 0 Types 0/0/0/0/0/0/0/0/0 Lore% 0 Gallery% 1 Achievement% 1 Wizard Run 0 Options --------- ASCII 0 Keyboard 0 Movement Numpad Keybinds 0 Fullscreen 1 Font 18/X11Bold Map View 76x50 Tactical HUD 0 Map Filters NONE Filters NONE Steam 1 RUN: eb803930-7226-4174-bf42-d76f64f58e4f